 Dungeon Crawl Stone Soup version 0.30-a0-50-gb2d611f6b1 (webtiles) character file.

Game seed: 5811932210654894681

32 timneilson the Covered (level 3, 0/23 HPs)
             Began as a Gargoyle Fighter on Sept 3, 2022.
             Slain by a goblin
             ... wielding a +0 club
             ... led by Robin
              (3 damage)
             ... on level 2 of the Dungeon.
             The game lasted 00:01:20 (1020 turns).

timneilson the Covered (Gargoyle Fighter)           Turns: 1020, Time: 00:01:21

Health: 0/23       AC: 10    Str: 21    XL:     3   Next: 27%
Magic:  3/3        EV:  9    Int:  8    God:
Gold:   13         SH:  5    Dex:  9    Spells: 2/2 levels left

rFire   . . .      SeeInvis .    a - +0 long sword (flame)
rCold   . . .      Faith    .    c - +1 buckler
rNeg    + . .      Spirit   .    b - +0 scale mail
rPois   ∞          Reflect  .    (no helmet)
rElec   +          Harm     .    (no cloak)
rCorr   .          Rampage  .    (no gloves)
Will    .....                    (no boots)
Stlth   ..........               (no amulet)
HPRegen 0.07/turn                (no ring)
MPRegen 0.08/turn                (no ring)

@: no status effects
A: sickness immunity, AC +3, negative energy resistance 1, electricity
resistance, torment resistance 1, petrification resistance
a: no special abilities


You were on level 2 of the Dungeon.
You visited 1 branch of the dungeon, and saw 2 of its levels.

You collected 13 gold pieces.

Inventory:

Hand Weapons
 a - a +0 long sword of flaming (weapon)
Armour
 b - a +0 scale mail (worn)
 c - a +1 buckler (worn)
Jewellery
 i - a ring of protection from cold
Scrolls
 e - a scroll of identify
Potions
 d - a potion of might
 g - a potion of curing
 j - a potion of haste


   Skills:
 + Level 3.4 Fighting
 * Level 2.2 Long Blades
 * Level 3.8 Armour
 + Level 0.4 Dodging
 * Level 3.6 Shields


You had 2 spell levels left.
You didn't know any spells.
Your spell library contained the following spells:

 Spells                   Type           Power      Damage    Failure   Level
 Ozocubu's Armour         Ice            0%         N/A       99%         3
 Ozocubu's Refrigeration  Ice            0%         4d7       100%        7


Dungeon Overview and Level Annotations

Branches:
Dungeon (2/15)

Altars:

Annotations:
D:2 Robin


Innate Abilities, Weirdness & Mutations

You are immune to sickness and miasma.
Your stone body is resilient. (AC +3)
You are immune to poison.
You resist negative energy. (rN+)
You are resistant to electric shocks. (rElec)
You are resistant to unholy torment.
You are immune to petrification.


Message History

Unknown command.
You hit the hobgoblin. You burn the hobgoblin.
You kill the hobgoblin!
Robin throws the goblin at you! The goblin barely misses you.
You block the hobgoblin's attack. You block the goblin's attack.
Unknown command.
You closely miss the goblin.
The goblin no longer looks unusually strong.
The hobgoblin no longer looks unusually strong.
The goblin hits you with a +0 club.
The hobgoblin hits you but does no damage.
You hit the goblin. You burn the goblin.
You kill the goblin!
The hobgoblin hits you but does no damage.
Unknown command.
You hit the hobgoblin. You burn the hobgoblin.
You kill the hobgoblin!
The goblin no longer looks unusually strong. x2
Robin throws the goblin at you! You block the goblin's attack.
The goblin completely misses you. The goblin barely misses you.
Unknown command.
You hit the goblin but do no damage. The goblin hits you with a +0 club.
Robin roars a battlecry!
The goblins go into a battle-frenzy!
The goblin barely misses you.
You closely miss the goblin.
The hobgoblin no longer looks unusually strong.
The goblin hits you with a +0 club. The goblin barely misses you.
Unknown command.
You hit the goblin. You burn the goblin.
You kill the goblin!
The goblin hits you but does no damage.
Robin roars a battlecry!
The hobgoblin goes into a battle-frenzy!
The goblin hits you with a +0 club.
* * * LOW HITPOINT WARNING * * *
Robin throws the goblin at you!
* * * LOW HITPOINT WARNING * * *
You closely miss the goblin. The goblin hits you with a +0 club.
You die...

#..# ... ..#
g.. #g# #g#
#g# #@#
?.#####g#
.....)..##
#.......<#
#......#....#
##.......####
#......##
........
...#####


You could see Robin, a hobgoblin (strong) and 3 goblins.

Vanquished Creatures
  2 ball pythons (D:1)
  4 bats (D:1)
  2 endoplasms (D:1)
  A giant cockroach (D:1)
  3 hobgoblins
  3 jackals (D:1)
  3 kobolds (D:1)
  2 quokkas (D:1)
  6 goblins
  A rat (D:1)
27 creatures vanquished.

Notes
Turn   | Place    | Note
-------+----------+-------------------------------------------
     0 | D:1      | timneilson the Gargoyle Fighter began the quest for the
                  | Orb.
     0 | D:1      | Reached XP level 1. HP: 14/14 MP: 1/1
   130 | D:1      | Reached XP level 2. HP: 10/19 MP: 2/2
   925 | D:1      | Reached XP level 3. HP: 23/23 MP: 3/3
  1001 | D:2      | Noticed Robin
  1020 | D:2      | Slain by a goblin

Illustrated notes

Levels and vault maps discovered:
D:1:      moated_graveyard_arrival, layout_basic
D:2:      layout_loops_ring, shapermc_ecumenical_altar_venn, basic_altar,
          uniq_robin, uniq_natasha

Skill      XL: |  1 |
---------------+----+-----
Long Blades    | 2 |  2.2
Fighting       | |  3.4
Armour         | |  3.8
Dodging        | |  0.4
Shields        | |  3.6

Action                   || total
-------------------------++-------
Melee: Long sword        ||   103
  Use: Scroll            ||     6
Armor: Scale mail        ||    62
Dodge: Dodged            ||    66
Block: Buckler           ||    34

Table legend: (Time is in decaauts)
 A = Elapsed time spent in this place.
 B = Non-inter-level travel time spent in this place.
 C = Inter-level travel time spent in this place.
 D = Time resting spent in this place.
 E = Time spent auto-exploring this place.
 F = Levels seen in this place.
 G = Mean time per level.
                   A        B        C        D        E       F      G
               +--------+--------+--------+--------+--------+-----+--------+
         Total |   1054 |   1025 |     29 |     31 |    773 |   2 |  527.0 |
       Dungeon |   1054 |   1025 |     29 |     31 |    773 |   2 |  527.0 |
               +--------+--------+--------+--------+--------+-----+--------+

Top non-repeatable levels by time:
     D:1: 1026 daAuts
     D:2: 28 daAuts
